 Dungeon Crawl Stone Soup version 0.30.1-11-g7821555f0a (webtiles) character file.

Game seed: 12876931325375253154

4965 xaleb the Cleaver (level 10, -6/77 HPs)
             Began as a Minotaur Berserker on Nov 23, 2023.
             Was a High Priest of Trog.
             Mangled by Duvessa
             ... wielding a +0 rapier of speed
              (7 damage)
             ... on level 7 of the Dungeon on Nov 24, 2023.
             The game lasted 01:29:42 (7591 turns).

xaleb the Cleaver (Minotaur Berserker)              Turns: 7591, Time: 01:29:49

Health: -6/77      AC: 18    Str: 27    XL:     10   Next: 28%
Magic:  9/9        EV: 15    Int:  4    God:    Trog [*****.]
Gold:   278        SH:  0    Dex:  9    Spells: 9/9 levels left

rFire   . . .        p - +4 mace (protect)
rCold   . . .        (no shield)
rNeg    . . .        K - +0 scale mail
rPois   .            m - +1 hat
rElec   .            (no cloak)
rCorr   .            (no gloves)
SInv    .            (no boots)
Will    ++...        (no amulet) Stlth
                     T - +5 ring of evasion
HPRegen 1.32/turn    D - +4 ring of protection
MPRegen 0.11/turn

%: no passive effects
@: strong-willed (expiring), under a protective aura, on berserk cooldown,
regenerating (expiring), slowed, very slow
A: horns 2, retaliatory headbutt
a: Renounce Religion, Berserk, Trog's Hand, Brothers in Arms


You were on level 7 of the Dungeon.
You worshipped Trog.
Trog was extremely pleased with you.
You visited 2 branches of the dungeon, and saw 8 of its levels.

You collected 278 gold pieces.

Inventory:

Hand Weapons
 b - a +2 dagger of venom
 f - a +2 rapier of distortion
 p - a +4 mace of protection (weapon)
 q - a +2 whip of draining
 s - a +1 dagger of pain
 A - a +0 long sword
 E - a +0 trident
 F - a +2 trident of venom
 Q - a +3 spear of flaming
 X - a +1 whip of flaming
 Z - a +1 short sword of venom
Missiles
 j - 61 stones
 H - 2 throwing nets (quivered)
 M - 10 javelins
 V - 2 silver boomerangs
Armour
 c - a +0 ring mail
 d - a +2 robe of cold resistance
 h - a +0 ring mail
 m - a +1 hat (worn)
 v - a +0 ring mail
 B - a +0 ring mail
 C - a +0 ring mail
 G - a +0 ring mail
 K - a +0 scale mail (worn)
 R - a +0 chain mail
Magical Staves
 I - a staff of fire
Jewellery
 D - a +4 ring of protection (right hand)
 P - a ring of positive energy
 S - a ring of ice
 T - a +5 ring of evasion (left hand)
Wands
 e - a wand of flame (23)
Scrolls
 a - 2 scrolls of fog {unknown}
 g - a scroll of blinking {unknown}
 i - a scroll of silence {unknown}
 k - 2 scrolls of magic mapping {unknown}
 o - 3 scrolls of poison {unknown}
 u - 2 scrolls of enchant weapon {unknown}
 y - 4 scrolls of identify {unknown}
 N - 2 scrolls of fear {unknown}
 O - a scroll of vulnerability {unknown}
 U - a scroll of immolation {unknown}
 W - 2 scrolls of teleportation {unknown}
Potions
 l - 6 potions of curing {unknown}
 n - 2 potions of magic {unknown}
 r - a potion of cancellation {unknown}
 t - a potion of mutation {unknown}
 w - a potion of ambrosia {unknown}
 x - a potion of degeneration {unknown}
 z - a potion of berserk rage {unknown}
 J - a potion of heal wounds
 L - a potion of resistance {unknown}
 Y - 2 potions of attraction {unknown}


   Skills:
 - Level 3.6 Fighting
 - Level 13.4(15.4) Axes
 + Level 12.5(14.9) Maces & Flails
 - Level 2.4 Armour
 - Level 2.1 Dodging


You had 9 spell levels left.
You didn't know any spells.
Your spell library contained the following spells:

 Spells                   Type           Power      Damage    Failure   Level
 Sandblast                Erth           0%         2d4       77%         1
 Passwall                 Tmut/Erth      0%         N/A       88%         2
 Stone Arrow              Conj/Erth      0%         3d7       98%         3
 Summon Guardian Golem    Hex/Summ       0%         N/A       98%         3
 Summon Forest            Summ/Tloc      0%         N/A       100%        5
 Eringya's Noxious Bog    Tmut/Pois      0%         N/A       100%        6
 Orb of Destruction       Conj           0%         9d5       100%        7
 Spellforged Servitor     Conj/Summ      0%         N/A       100%        7
 Summon Hydra             Summ           0%         N/A       100%        7


Dungeon Overview and Level Annotations

Branches:
Dungeon (7/15)             Temple (1/1) D:6

Altars:
Ashenzari
Cheibriados
Dithmenos
Fedhas
Hepliaklqana
Makhleb
Okawaru
Ru
Uskayaw
Vehumet
Xom
Yredelemnul

Annotations:
D:7 Duvessa


Innate Abilities, Weirdness & Mutations

You have a pair of horns on your head.
You reflexively headbutt those who attack you in melee.


Message History

You feel yourself slow down.
Duvessa rages.
You sock the wight! Your headbutt misses the wight.
The wight is heavily damaged.
The wight hits you with a +2 short sword.
You hit the wight but do no damage. Your headbutt misses the wight.
The wight is heavily damaged.
The wight hits you but does no damage.
A wight comes into view. It is wielding a +0 scimitar.
You closely miss the wight. Your headbutt misses the wight.
The wight is heavily damaged.
A wight comes into view. It is wielding a +2 mace.
The wight barely misses you.
Your skin crawls.
You feel strong-willed.
Duvessa hits you with a +0 rapier of speed!
Duvessa barely misses you. You furiously retaliate!
You headbutt Duvessa! The wight closely misses you. You furiously retaliate!
You headbutt the wight!
Duvessa hits you with a +0 rapier of speed.
You hit the wight but do no damage.
The wight is almost destroyed.
Duvessa hits you but does no damage. The wight hits you but does no damage.
Duvessa misses you.
You sock the wight!
You destroy the wight!
Trog accepts your kill.
You feel the effects of Trog's Hand fading.
Duvessa misses you. You furiously retaliate!
You headbutt Duvessa!
Duvessa hits you with a +0 rapier of speed!
* * * LOW HITPOINT WARNING * * *
The wight hits you with a +0 mace.
* * * LOW HITPOINT WARNING * * *
You hit Duvessa.
Duvessa is heavily wounded.
Duvessa closely misses you.
Duvessa hits you with a +0 rapier of speed!!
* * * LOW HITPOINT WARNING * * *
The wight hits you but does no damage.
Duvessa hits you with a +0 rapier of speed!
You die...

.....#..## ###.#####
#....#..... #.......##
#....#.###.##........#
#......###...........#
#......#............##
#........####<....†.# .
#......######.).....#...
#.......................
.........@)..#....
........e)z........
.......z...........
...>....#####......
.....z..# ......
........# .. ......# .
.....


You could see Duvessa (berserk) and 3 wights.

Vanquished Creatures
  Pikel (D:4)
  The ghost of JPNDWG the Trooper, a novice OgGl (D:5)
  Joseph (D:7)
  Grinder (D:3)
  Sigmund (D:4)
  2 steam dragons (D:6)
  Menkaure (D:4)
  2 ice beasts (D:6)
  A water moccasin (D:6)
  A black bear (D:6)
  A sky beast (D:7)
  2 orc warriors (D:6)
  2 centaurs (D:6)
  2 phantoms
  Blork the orc (D:5)
  2 kobold brigands
  4 bullfrogs
  A gnoll sergeant (D:7)
  2 scorpions
  2 wights
  Dowan (D:7)
  6 killer bees
  3 howler monkeys (D:7)
  2 jellies
  5 orc priests
  3 hounds
  Jessica (D:2)
  Ijyb (D:4)
  Terence (D:3)
  7 orc wizards
  2 sleepcaps (D:6)
  6 iguanas
  8 gnolls
  6 adders
  An ufetubus (D:6)
  3 worms
  4 dart slugs
  29 orcs
  7 endoplasms
  A giant cockroach (D:4)
  7 hobgoblins
  10 kobolds
  A quokka (D:4)
  10 ball pythons
  4 bats
  8 frilled lizards
  7 goblins
  A rat (D:2)
176 creatures vanquished.

Notes
Turn   | Place    | Note
-------+----------+-------------------------------------------
     0 | D:1      | xaleb the Minotaur Berserker began the quest for the Orb.
     0 | D:1      | Reached XP level 1. HP: 19/19 MP: 0/0
   658 | D:1      | Reached skill level 4 in Axes
   674 | D:1      | Reached XP level 2. HP: 26/26 MP: 1/1
   911 | D:2      | Noticed Jessica
   916 | D:2      | Killed Jessica
   917 | D:2      | Reached skill level 5 in Axes
   917 | D:2      | Reached XP level 3. HP: 31/31 MP: 2/2
  1274 | D:2      | Reached ** piety under Trog
  1353 | D:2      | Reached XP level 4. HP: 39/39 MP: 3/3
  1420 | D:2      | Reached skill level 6 in Axes
  1763 | D:3      | Noticed Grinder
  1948 | D:3      | Noticed Terence
  1959 | D:3      | Killed Terence
  2121 | D:3      | Found an iron altar of Okawaru.
  2121 | D:3      | Found a shadowy altar of Dithmenos.
  2157 | D:3      | Reached skill level 7 in Axes
  2157 | D:3      | Reached XP level 5. HP: 39/45 MP: 4/4
  2442 | D:3      | Paralysed by Grinder for 4 turns
  2720 | D:3      | Killed Grinder
  2721 | D:3      | Reached skill level 9 in Axes
  2721 | D:3      | Reached XP level 6. HP: 51/51 MP: 5/5
  2764 | D:4      | Noticed Ijyb
  2782 | D:4      | Killed Ijyb
  2782 | D:4      | Noticed Menkaure
  3034 | D:4      | Reached *** piety under Trog
  3084 | D:4      | Noticed Pikel
  3107 | D:4      | Killed Pikel
  3108 | D:4      | Reached skill level 11 in Axes
  3108 | D:4      | Reached XP level 7. HP: 57/57 MP: 6/6
  3174 | D:4      | Reached XP level 8. HP: 24/64 MP: 7/7
  3687 | D:4      | Noticed Sigmund
  3708 | D:4      | Killed Sigmund
  3709 | D:4      | Reached skill level 12 in Axes
  3832 | D:4      | Killed Menkaure
  3956 | D:4      | Reached skill level 13 in Axes
  4463 | D:5      | Entered Level 5 of the Dungeon
  4626 | D:5      | Found a runed translucent gate.
  4626 | D:5      | Noticed JPNDWG's ghost (novice OgGl)
  4658 | D:5      | Found a runed translucent gate.
  4659 | D:5      | Found a runed translucent gate.
  4747 | D:5      | Noticed Blork the orc
  4761 | D:5      | Killed Blork the orc
  4997 | D:5      | Reached skill level 1 in Maces & Flails
  5021 | D:5      | Found a broken altar of Ashenzari.
  5207 | D:5      | Found a hide-covered altar of Uskayaw.
  5451 | D:5      | Killed JPNDWG's ghost
  5452 | D:5      | Reached XP level 9. HP: 47/70 MP: 8/8
  5671 | D:6      | Reached **** piety under Trog
  6294 | D:6      | Reached skill level 10 in Maces & Flails
  6628 | D:6      | Found a snail-covered altar of Cheibriados.
  6703 | D:6      | Found a staircase to the Ecumenical Temple.
  6850 | Temple   | Entered the Ecumenical Temple
  7181 | D:6      | Reached XP level 10. HP: 77/77 MP: 9/9
  7405 | D:7      | Reached ***** piety under Trog
  7527 | D:7      | Noticed Joseph
  7531 | D:7      | Noticed Dowan
  7575 | D:7      | Killed Dowan
  7582 | D:7      | Noticed Duvessa
  7583 | D:7      | Killed Joseph
  7591 | D:7      | HP: 1/77 [Duvessa/+0 rapier of speed (19)]
  7591 | D:7      | Mangled by Duvessa

Illustrated notes

Levels and vault maps discovered:
D:1:      dpeg_arrival_round_c, layout_basic, st_stairs_3
D:2:      layout_loops_corners, uniq_jessica
D:3:      layout_loops_ring, gammafunk_temple_overflow_statue, uniq_terence,
          uniq_crazy_yiuf_cottage, uniq_grinder
D:4:      layout_basic, portal_sewer_entry_d, uniq_menkaure, uniq_ijyb,
          uniq_sigmund, uniq_pikel
D:5:      layout_loops_ring, mainiacjoe_overflow_six_doors_small,
          ashenzari_conservatory_becter, gammafunk_ghost_nasty_kobolds,
          uniq_blork_the_orc
D:6:      minmay_octagon_keep, layout_loops_ring, kennysheep_slug_shrine,
          minmay_temple_entry_mini_moons, grunt_ministairs_3,
          minmay_misc_feat_rugged, glass_columns_c
D:7:      layout_rooms, nicolae_overflow_squiral, uniq_joseph, uniq_duvessa
Temple:   nicolae_temple_great_sept

Skill      XL: |  1  2  3  4  5  6  7  8  9 10 |
---------------+-------------------------------+-----
Axes           | 4 5 7 9 11 13 | 13.4
Maces & Flails | 6 11 12 | 12.5
Fighting       | |  3.6
Armour         | |  2.4
Dodging        | |  2.1

Action                     |  1- 3 |  4- 6 |  7- 9 | 10-12 || total
---------------------------+-------+-------+-------+-------++-------
  Melee: Hand axe          |    54 |   123 |    92 |       ||   269
         Headbutt          |    10 |     9 |    36 |    11 ||    66
         Punch             |       |     2 |     2 |       ||     4
         Mace              |       |       |   152 |    64 ||   216
 Invoke: Berserk           |       |     3 |     5 |     2 ||    10
         Trog's Hand       |       |       |     1 |     1 ||     2
    Use: Potion            |       |     2 |       |       ||     2
 Armour: Ring mail         |    13 |    20 |       |       ||    33
         Skin              |       |     9 |       |       ||     9
         Scale mail        |       |    33 |    63 |    26 ||   122
  Dodge: Dodged            |    23 |    49 |   129 |    52 ||   253
